AoeStats
← Kiritastrich

Arabia

503255677Analyzed
1v1 RM · 1mo ago on Aug 30, 2026· 27m 35s· 2 players
Game mode
Random Map
Map size
Tiny (2 player)
Population
200
Speed
Normal
Resources
Standard
Victory
Conquest
Starting age
Dark Age
Ending age
Imperial Age
RankedLock teamsTeams togetherTeam positionsShared explorationLock speedFull tech treeHidden civsTurbo modeCheats
Victory
Defeat
🇹🇷 Maya · Türkiye
2165
+6
🇷🇺 Khmer · Russia
1900
-6
Hackali
0:26 Loom
9:46 Feudal Age
10:30 Double-Bit Axe
10:26 Horse Collar
15:48 Wheelbarrow
18:37 Castle Age
17:00 Stone Mining
17:18 Fletching
17:44 Gold Mining
19:46 Bodkin Arrow
21:35 Ballistics
21:41 Bow Saw
22:20 Heavy Plow
27:05 Town Watch
27:36 Padded Archer Armor
Kiritastrich
4:07 Loom
11:40 Feudal Age
12:20 Double-Bit Axe
12:20 Horse Collar
20:07 Castle Age
18:31 Fletching
19:40 Bloodlines
19:37 Scale Barding Armor
23:04 Bodkin Arrow
23:30 Padded Archer Armor
23:02 Elite Skirmisher
26:29 Chain Barding Armor
27:01 Leather Archer Armor
Connection lost

Rejoining the realm…

Still unreachable

The connection could not be restored.

Session expired

The server has moved on; the page needs a fresh start.